 Dungeon Crawl Stone Soup version 0.26.1-11-gd32895ea62 (webtiles) character file.

Game seed: 9563835166001790372

193 mahan the Chopper (level 5, -4/47 HPs)
             Began as a Minotaur Berserker on May 21, 2021.
             Was a Believer of Trog.
             Slain by an ogre
             ... wielding a +0 giant spiked club
              (19 damage)
             ... on level 5 of the Dungeon.
             The game lasted 00:18:39 (4234 turns).

mahan the Chopper (Minotaur Berserker)              Turns: 4234, Time: 00:18:39

Health: -4/47      AC: 10    Str: 22 (23) XL:     5   Next: 44%
Magic:  4/4        EV:  9    Int:  4      God:    Trog [**....]
Gold:   194        SH:  0    Dex:  9      Spells: 4/4 levels left

rFire    . . .     SeeInvis .   p - +0 war axe
rCold    . . .     Faith    .   (no shield)
rNeg     . . .     Spirit   .   k - +0 chain mail
rPois    .         Reflect  .   (helmet restricted)
rElec    .         Harm     .   (no cloak)
rCorr    .         Rampage  .   m - +0 pair of gloves
Will     .....                  (no boots)
Stlth    ..........             (no amulet)
HPRegen  0.15/turn              (no ring)
MPRegen  0.09/turn              (no ring)

@: no status effects
A: retaliatory headbutt, horns 2
a: Renounce Religion, Berserk, Trog's Hand


You were on level 5 of the Dungeon.
You worshipped Trog.
Trog was pleased with you.
You visited 1 branch of the dungeon, and saw 5 of its levels.

You collected 194 gold pieces.

Inventory:

Hand Weapons
 p - a +0 war axe (weapon)
Armour
 k - a +0 chain mail (worn)
 m - a +0 pair of gloves (worn)
Scrolls
 c - 3 scrolls of identify
 d - 2 scrolls of fear
 e - a scroll of teleportation
 h - a scroll of fog
 i - a scroll of magic mapping
 n - a scroll of remove curse
Potions
 b - 2 potions of curing
 f - 2 potions of cancellation
 g - a potion of lignification
 j - a potion of might
 l - a potion of brilliance {unknown}


   Skills:
 + Level 4.6 Fighting
 + Level 5.2(5.4) Axes
 + Level 2.4(4.1) Polearms
 + Level 3.4 Armour
 + Level 2.9 Dodging
 + Level 0.5 Stealth


You had 4 spell levels left.
You didn't know any spells.
Your spell library was empty.

Dungeon Overview and Level Annotations

Branches:
Dungeon (5/15)
 Temple: D:4-7

Altars:
Ashenzari
Fedhas
Kikubaaqudgha

Annotations:
D:4 3 runed translucent doors, Eitelfritz's ghost, amateur MiGl


Innate Abilities, Weirdness & Mutations

You reflexively headbutt those who attack you in melee.
You have a pair of horns on your head.


Message History

Found an escape hatch in the floor.
There is an open door here.
Found 12 sling bullets.
An ogre comes into view. It is wielding a +0 giant spiked club.
The ogre shouts!
Found 16 gold pieces.
You barely miss the ogre. The ogre barely misses you. You furiously retaliate!
You headbutt the ogre. You barely miss the ogre.
The ogre is lightly wounded.
The ogre hits you with a +0 giant spiked club!!
You slash the ogre!
The ogre is heavily wounded.
The ogre hits you with a +0 giant spiked club!
You are too injured to fight recklessly!
You are too injured to fight recklessly!
You are too injured to fight recklessly!
You are too injured to fight recklessly!
The ogre hits you with a +0 giant spiked club!!
You die...

... # #.# ... .##
#.# .. ... #.#
##+#.##.# #.#
...$....# #.#
........# #.#
.....(..####'#####
......O.#...<....#
.......@...).....#
.......#.........#
####+###.........#
............#
.............#
............###
............#
#####.......#


You could see an ogre.

Vanquished Creatures
  A hound (D:4)
  A worker ant (D:4)
  A hound skeleton (D:4)
  Robin (D:3)
  2 adders
  An ooze (D:2)
  An adder zombie (D:5)
  2 worms
  A dart slug (D:2)
  3 leopard geckos
  6 orcs
  3 bats
  5 giant cockroaches
  17 goblins
  6 hobgoblins
  2 jackals (D:3)
  3 quokkas
  2 ball pythons (D:1)
  6 frilled lizards
  5 kobolds
  4 rats
73 creatures vanquished.

Vanquished Creatures (others)
  2 fungi (D:4)
  A plant (D:4)
3 creatures vanquished.

Grand Total: 76 creatures vanquished

Notes
Turn   | Place    | Note
-------+----------+-------------------------------------------
     0 | D:1      | mahan the Minotaur Berserker began the quest for the Orb.
     0 | D:1      | Reached XP level 1. HP: 19/19 MP: 0/0
   243 | D:1      | Reached skill level 4 in Axes
   243 | D:1      | Reached XP level 2. HP: 27/27 MP: 1/1
   956 | D:1      | Reached ** piety under Trog
   993 | D:1      | Reached XP level 3. HP: 33/33 MP: 2/2
  1547 | D:2      | Found an ancient bone altar of Kikubaaqudgha.
  1938 | D:3      | Found a broken altar of Ashenzari.
  2252 | D:3      | Noticed Robin
  2264 | D:3      | Killed Robin
  2271 | D:3      | Reached XP level 4. HP: 33/41 MP: 3/3
  2546 | D:3      | Found a blossoming altar of Fedhas.
  3005 | D:3      | Reached skill level 1 in Polearms
  3469 | D:4      | Reached skill level 5 in Axes
  3713 | D:4      | Reached XP level 5. HP: 47/47 MP: 4/4
  4048 | D:4      | Found a runed translucent gate.
  4048 | D:4      | Found a runed translucent gate.
  4048 | D:4      | Found a runed translucent gate.
  4049 | D:4      | Identified the +12 short sword "Plog" {venom, Will+ Stlth+}
  4049 | D:4      | Noticed Eitelfritz's ghost (amateur MiGl)
  4205 | D:5      | Entered Level 5 of the Dungeon
  4228 | D:5      | Noticed an ogre
  4234 | D:5      | Slain by an ogre

Illustrated notes

Levels and vault maps discovered:
D:1:      amcnicky_arrival_gap_in_the_tavern_cellar, layout_loops_corners,
          grunt_decor_junction
D:2:      layout_basic, lemuel_crystal_altar
D:3:      layout_basic, overflow_temple_1_default, fedhas_altar_1, uniq_robin
D:4:      layout_basic, gammafunk_ghost_nasty_kobolds, serial_curves,
          eino_curves_01, eino_curves_01, eino_curves_02, eino_curves_01
D:5:      layout_basic, uniq_blork_the_orc, uniq_ijyb, uniq_edmund

Skill      XL: |  1  2  3  4  5 |
---------------+----------------+-----
Axes           | 4 5 |  5.2
Fighting       | 4 |  4.6
Armour         | 3 |  3.4
Polearms       | 1 2 |  2.4
Dodging        | |  2.9
Stealth        | |  0.5

Action                   |  1- 3 |  4- 6 || total
-------------------------+-------+-------++-------
Melee: Hand axe          |    78 |    24 ||   102
       Headbutt          |    19 |    15 ||    34
       Trident           |    27 |    82 ||   109
       War axe           |       |     3 ||     3
       Battleaxe         |       |     3 ||     3
Invok: Berserk           |       |     1 ||     1
  Use: Scroll            |     3 |     3 ||     6
       Potion            |       |     6 ||     6
Armor: Animal skin       |     5 |       ||     5
       Leather armour    |     5 |       ||     5
       Ring mail         |    16 |    16 ||    32
       Chain mail        |       |    34 ||    34
Dodge: Dodged            |    53 |    49 ||   102
